 Dungeon Crawl Stone Soup version 0.19.1-1-g22dce08 (webtiles) character file.

10087 Gorglomux the Pacifist (level 11, -4/106 HPs)
             Began as a Deep Dwarf Fighter on Jan 2, 2017.
             Was an Elder of Elyvilon.
             Asphyxiated
             ... on level 1 of the Lair of Beasts.
             The game lasted 00:30:19 (9480 turns).

Gorglomux the Pacifist (Deep Dwarf Fighter)         Turns: 9480, Time: 00:30:19

Health: -4/106     AC: 12    Str: 28    XL:     11   Next: 31%
Magic:  15/15      EV:  6    Int:  9    God:    Elyvilon [****..]
Gold:   557        SH: 10    Dex: 18    Spells: 0 memorised, 10 levels left

rFire  . . .     SeeInvis .     a - +0 long sword
rCold  . . .     Gourm    .     m - +0 chain mail
rNeg   . . .     Faith    .     c - +0 shield
rPois  .         Spirit   .     (no helmet)
rElec  .         Reflect  .     n - +0 cloak
rCorr  .         Harm     .     (no gloves)
MR     +....                    j - +0 pair of boots
Stlth  ..........               (no amulet)
                                i - +6 ring of dexterity
                                B - +5 ring of strength

@: lethally poisoned (-4 -> -4), non-regenerating, slowed, very slow
A: damage resistance, recharge devices, sense surroundings 2, slow regeneration
3
a: Device Recharging, Lesser Healing, Heal Other, Purification, Greater Healing,
Divine Protection, Renounce Religion


You were on level 1 of the Lair of Beasts.
You worshipped Elyvilon.
Elyvilon was greatly pleased with you.
You were not hungry.

You visited 3 branches of the dungeon, and saw 12 of its levels.

You collected 557 gold pieces.

Inventory:

Hand Weapons
 a - a +0 long sword (weapon)
Missiles
 F - 4 tomahawks (quivered)
Armour
 c - a +0 shield (worn)
 j - a +0 pair of boots (worn)
 m - a +0 chain mail (worn)
 n - a +0 cloak (worn)
 L - the +5 ring mail "Unyf" {rPois Slay+2, unknown}
   (You found it on level 9 of the Dungeon)

   It affects your accuracy and damage with ranged weapons and melee attacks
   (+2).
   It protects you from poison.
Jewellery
 i - a +6 ring of dexterity (right hand)
 B - a +5 ring of strength (left hand)
 M - an uncursed ring of fire
 N - an uncursed ring of protection from cold
Wands
 e - a wand of heal wounds (0/9)
 C - a wand of digging (12/24)
 D - a wand of flame (9/48)
 J - a wand of lightning (0/15)
 S - a wand of heal wounds (2/9)
Scrolls
 h - a scroll of fear
 k - a scroll of magic mapping
 o - 3 scrolls of remove curse
 p - a scroll of noise {unknown}
 q - a scroll of blinking {unknown}
 u - a scroll of amnesia
 x - 3 scrolls of identify
 y - 2 scrolls of enchant weapon {unknown}
 A - 3 scrolls of teleportation
 K - a scroll of enchant armour {unknown}
 P - a scroll of acquirement {unknown}
 Q - a scroll of silence {unknown}
Potions
 b - 4 potions of invisibility
 d - a potion of magic
 g - 2 potions of heal wounds
 l - 12 potions of curing
 v - 2 potions of resistance
 z - 3 potions of haste
 H - a potion of brilliance
Comestibles
 f - 12 bread rations
 r - 5 meat rations
 s - 5 fruits
 G - a slice of pizza
 O - 18 chunks of flesh
 R - a beef jerky


   Skills:
 + Level 9.2 Fighting
 + Level 8.1 Long Blades
 + Level 5.5 Armour
 - Level 3.2 Shields
 + Level 13.8 Invocations
 - Level 7.2 Evocations


You had 10 spell levels left.
You didn't know any spells.

Dungeon Overview and Level Annotations

Branches:
Dungeon (10/15)            Temple (1/1) D:5            Lair (1/6) D:10
    Orc (0/2) D:10

Altars:
Ashenzari
Dithmenos
Elyvilon
Fedhas
Gozag
Hepliaklqana
Kikubaaqudgha
Makhleb
Okawaru
Qazlal
Ru
Sif Muna
Trog
Uskayaw
Vehumet
Xom
Yredelemnul
Zin
Jiyva

Annotations:
D:5 exclusion: oklob plant
D:6 exclusion: oklob plant
Lair:1 Sonja


Innate Abilities, Weirdness & Mutations

You are resistant to damage.
You can recharge devices by infusing magical energy.
You passively map the area around you.
You do not regenerate.


Message History

You are poisoned.
You have difficulty breathing.
* * * LOW HITPOINT WARNING * * *
You feel yourself slow down. The yak gores you!
* * * LOW HITPOINT WARNING * * *
There is a staircase back to the Dungeon, spattered with blood here.
Items here: ( ::: a curare-tipped needle; a book of Conjurations Vehumet's Collected Works on Confrontation a book of Misfortune Sonja shoots a curare-tipped needle.
You block the curare-tipped needle.
Sonja shoots a curare-tipped needle.
The curare-tipped needle barely misses you.
The yak gores you.
* * * LOW HITPOINT WARNING * * *
You block the yak's attack.
Sonja shoots a curare-tipped needle.
The curare-tipped needle hits you.
You are more poisoned.
You have difficulty breathing.
You die...

........# * # , *
........## .### ** * ,
,.........## ##...###*
##.,##........# ##......#P
* .#. *###......##
##.........., ...#
#.#......###...........
....
#####.................(,
....#*
##...###YY...........,
.....####...##
#@.....K......,
.....#.#...##
#..#.............,
.......$..##
#..##.....P.......
#####....##
###..##P..####...... ##...#
*##....##..#####....#
##..#P##.....#..###......#
#.......................#
*.#......................##
###+.#........##..........#


You could see 2 yaks and Sonja.

Vanquished Creatures
  A two-headed ogre (D:8)
  3 hippogriffs
  A spriggan (D:9)
  A wyvern (Lair:1)
  21 yaks
  Eustachio (D:6)
  Menkaure (D:6)
  3 orc warriors
  3 sky beasts
  4 ice beasts
  The ghost of Adolfin the Skirmisher, an amateur DsMo (D:3)
  A black bear (Lair:1)
  An ogre (D:4)
  3 phantoms
  6 centaurs
  A crocodile (Lair:1)
  A big kobold (D:10)
  10 bullfrogs
  A water moccasin skeleton (D:10)
  5 scorpions
  3 killer bees (D:7)
  3 howler monkeys
  8 wights
  5 crimson imps
  7 jellies
  A centaur skeleton (D:10)
  5 orc priests
  5 hounds
  A gnoll shaman (D:10)
  3 iguanas
  5 orc wizards
  6 worker ants
  A hound zombie (D:9)
  2 hound skeletons
  10 gnolls
  8 adders
  2 shadow imps
  14 oozes
  2 adder skeletons
  3 worms
  A dart slug (D:4)
  6 leopard geckos
  23 orcs
  4 bats
  5 giant cockroaches
  7 goblins
  3 hobgoblins
  6 jackals
  8 quokkas
  A ball python (D:2)
  4 frilled lizards
  A jackal skeleton (D:9)
  11 kobolds
  14 rats
257 creatures vanquished.

Vanquished Creatures (others)
  9 fungi (D:6)
9 creatures vanquished.

Grand Total: 266 creatures vanquished

Notes
Turn   | Place    | Note
-------+----------+-------------------------------------------
     0 | D:1      | Gorglomux the Deep Dwarf Fighter began the quest for the Orb.
     0 | D:1      | Reached XP level 1. HP: 20/20 MP: 1/1
   176 | D:1      | Reached XP level 2. HP: 27/27 MP: 2/2
   864 | D:2      | Reached XP level 3. HP: 25/34 MP: 3/3
  1389 | D:3      | Found an iron altar of Okawaru.
  1477 | D:3      | Noticed Adolfin's ghost (amateur DsMo)
  1494 | D:3      | Killed Adolfin's ghost
  1494 | D:3      | Reached XP level 4. HP: 21/44 MP: 4/4
  1494 | D:3      | Reached XP level 5. HP: 24/50 MP: 5/5
  1955 | D:4      | Reached skill level 5 in Long Blades
  2129 | D:4      | Reached XP level 6. HP: 44/57 MP: 6/6
  2339 | D:4      | Noticed a moth of wrath
  2342 | D:4      | Found a bloodstained altar of Trog.
  2601 | D:4      | Reached XP level 7. HP: 15/66 MP: 7/7
  2977 | D:5      | Entered Level 5 of the Dungeon
  3034 | D:5      | Found a staircase to the Ecumenical Temple.
  3041 | Temple   | Entered the Ecumenical Temple
  3164 | Temple   | Became a worshipper of Elyvilon the Healer
  3289 | D:5      | Found a blossoming altar of Fedhas.
  3302 | D:5      | Noticed an oklob plant
  3496 | D:5      | Reached * piety under Elyvilon
  3602 | D:5      | Reached skill level 5 in Fighting
  3602 | D:5      | Reached skill level 2 in Invocations
  4084 | D:5      | Reached skill level 3 in Invocations
  4116 | D:5      | Reached skill level 4 in Invocations
  4139 | D:6      | Noticed Eustachio
  4151 | D:6      | Found an ancient bone altar of Kikubaaqudgha.
  4234 | D:6      | Killed Eustachio
  4234 | D:6      | Reached skill level 5 in Invocations
  4234 | D:6      | Reached XP level 8. HP: 48/75 MP: 10/12
  4309 | D:6      | Found a radiant altar of Vehumet.
  4311 | D:6      | Identified Vehumet's Collected Works on Confrontation
  4315 | D:6      | Found a deep blue altar of Sif Muna.
  4750 | D:6      | Reached skill level 6 in Invocations
  4766 | D:6      | Noticed Menkaure
  4780 | D:6      | Killed Menkaure
  4780 | D:6      | Reached skill level 7 in Invocations
  4846 | D:6      | Reached ** piety under Elyvilon
  4920 | D:6      | Found an opulent altar of Gozag.
  5166 | D:6      | Reached skill level 8 in Invocations
  5178 | D:6      | Noticed an oklob plant
  5326 | D:7      | Reached skill level 9 in Invocations
  5326 | D:7      | Reached skill level 1 in Evocations
  5390 | D:7      | Gained mutation: You passively map the area around you. [Deep Dwarf growth]
  5390 | D:7      | Reached XP level 9. HP: 21/85 MP: 14/14
  5605 | D:7      | Reached skill level 10 in Invocations
  5710 | D:7      | Found a burning altar of Makhleb.
  5710 | D:7      | Found a shattered altar of Ashenzari.
  5710 | D:7      | Found a sacrificial altar of Ru.
  5711 | D:7      | Found a shadowy altar of Dithmenos.
  6289 | D:8      | Reached skill level 11 in Invocations
  6318 | D:8      | Reached *** piety under Elyvilon
  6401 | D:8      | Reached skill level 5 in Evocations
  6962 | D:9      | Elyvilon protects you from harm!
  6980 | D:9      | HP: 1/86 [yak (7)]
  6982 | D:9      | Reached XP level 10. HP: 23/94 MP: 17/17
  7158 | D:9      | Reached skill level 12 in Invocations
  7393 | D:9      | HP: 2/96 [yak (9)]
  7448 | D:9      | Reached **** piety under Elyvilon
  7501 | D:9      | Got a smoking ring mail
  7639 | D:9      | Found a shadowy altar of Dithmenos.
  7928 | D:10     | Entered Level 10 of the Dungeon
  8036 | D:10     | Found a staircase to the Lair.
  8113 | D:10     | Noticed a hill giant
  8114 | D:10     | Found a staircase to the Orcish Mines.
  8128 | D:10     | Pacified a hill giant
  8141 | D:10     | Reached skill level 13 in Invocations
  8443 | D:10     | Noticed a hill giant
  8446 | D:10     | Pacified a hill giant
  8548 | D:10     | Reached XP level 11. HP: 28/104 MP: 18/18
  8760 | D:10     | Found a shattered altar of Ashenzari.
  8760 | D:10     | Noticed a hill giant
  8761 | D:10     | Pacified a hill giant
  9019 | D:10     | Found a shimmering altar of Xom.
  9054 | D:10     | Reached skill level 5 in Armour
  9341 | Lair:1   | Entered Level 1 of the Lair of Beasts
  9478 | Lair:1   | Noticed Sonja
  9480 | Lair:1   | HP: 5/106 [yak (5)]
  9480 | Lair:1   | Asphyxiated

Skill      XL: |  1  2  3  4  5  6  7  8  9 10 11 |
---------------+----------------------------------+-----
Fighting       | 3 4 5 6 7 8 9 |  9.2
Long Blades    | 3 4 5 6 7 8 |  8.1
Invocations    | 5 9 11 13 | 13.8
Evocations     | 2 6 7 |  7.2
Armour         | 4 5 |  5.5
Shields        | |  3.2

Action                   |  1- 3 |  4- 6 |  7- 9 | 10-12 || total
-------------------------+-------+-------+-------+-------++-------
Melee: Long sword        |   174 |   138 |   552 |   528 ||  1392
Invok: Lesser Healing    |       |       |    10 |     3 ||    13
       Heal Other        |       |       |     1 |     7 ||     8
       Greater Healing   |       |       |       |     1 ||     1
 Abil: Device Recharging |       |       |     1 |     5 ||     6
Evoke: Wand              |       |     2 |    14 |    25 ||    41
  Use: Potion            |     1 |       |     2 |     1 ||     4
       Scroll            |       |       |    12 |     8 ||    20
  Eat: Chunk             |     2 |     4 |    17 |    13 ||    36
Armor: Scale mail        |    35 |       |       |       ||    35
       Chain mail        |    53 |    51 |   216 |   225 ||   545
Dodge: Dodged            |    52 |    20 |   140 |   133 ||   345
Block: Shield            |   104 |    63 |   263 |   248 ||   678
       Rpst.: Long sword |    22 |    10 |    39 |    40 ||   111
